Cogmind - Beta 13 @@@ ROGUE MODE // 2024.04.03 @ 02:46:55 Player: Peperos Result: Destroyed by C-35 Carver with Carbide Saw Performance ------------- Evolutions (7) 3500 Regions Visited (16) 3200 Robots Destroyed (77) 385 Value Destroyed (2109) 2109 Prototype IDs (13) 260 Alien Tech Used (0) 0 Bonus (327) 327 TOTAL SCORE: 9781 Bonus ------- High Alert Combat Kills 27 Aligned with FarCom 300 Cogmind --------- Core Integrity 0/1300 Matter 243/300 Energy 99/100 System Corruption 2% Temperature Cool (37) Movement Core (50) Location -3/Research Parts ------- > --- POWER (2) -------- (None) > --- PROPULSION (5) --- (None) > --- UTILITY (12) ----- (None) > --- WEAPON (2) ------- (None) > --- INVENTORY (5) ---- Neutrino Core Cooled Field Propulsion Drive Advanced Weight Redist. System Peak State ------------ > --- POWER ------------ Fission Core Neutrino Core > --- PROPULSION ------- Xenon Bombardment Thruster Xenon Bombardment Thruster Biomechanical Wings Nuclear Pulse Array > --- UTILITY ---------- Advanced Weight Redist. System Structural Scanner Core Analyzer Cloaking Device Hacking Suite Hacking Suite Hacking Suite System Shield System Shield > --- WEAPON ----------- Quantum Rifle Nova Cannon > --- INVENTORY -------- Light Ion Engine Micro Fission Core Advanced Weight Redist. System [Rating: 82] Favorites ----------- Power Light Ion Engine Engine Light Ion Engine Power Core Light Nuclear Core Reactor Micro Antimatter Reactor Propulsion Aluminum Leg Treads Light Treads Leg Aluminum Leg Wheel Wheel Flight Unit Xenon Bombardment Thruster Utility Structural Scanner Device Structural Scanner Storage Large Storage Unit Processor Core Analyzer Hackware Hacking Suite Protection Light Armor Plating Weapon Light Assault Rifle Energy Gun AWS/Thermal Energy Cannon Nova Cannon Ballistic Gun Light Assault Rifle Ballistic Cannon Improved Light Cannon Launcher Grenade Launcher Special Weapon Plasma Cutter Impact Weapon Power Maul Slashing Weapon Centrium Greatsword Build | -11 -10 -10 -10 -9 -8 -7 -6 -6 -6 -6 -6 -5 -5 -5 -4 -3 ------- Run | Yrd Mat Min Exi Min Mat Fac Fac Was Fac Low Low Fac Upp Upp Fac Res Slots Evolved 14 | . . . . . 4 2 2 . . . . 2 . . 2 2 Power 1 | . . . . . . . 1 . . . . . . . . . Propulsion 3 | . . . . . 2 . 1 . . . . . . . . . Utility 10 | . . . . . 2 2 . . . . . 2 . . 2 2 Weapon . | . . . . . . . . . . . . . . . . . Parts Attached 118 | 7 15 7 1 9 26 21 3 1 8 . . 7 1 . 6 6 Power 17 | 1 2 . . 1 2 2 1 . 2 . . 2 1 . 1 2 Engine 9 | 1 1 . . . 1 2 1 . 1 . . 1 . . . 1 Core 7 | . 1 . . 1 1 . . . 1 . . 1 1 . 1 . Reactor 1 | . . . . . . . . . . . . . . . . 1 Propulsion 43 | 2 5 2 . 3 12 11 2 . . . . 1 . . 2 3 Treads 9 | 2 3 . . . 4 . . . . . . . . . . . Leg 13 | . . 2 . 3 8 . . . . . . . . . . . Wheel 2 | . 2 . . . . . . . . . . . . . . . Hover . | . . . . . . . . . . . . . . . . . Flight 19 | . . . . . . 11 2 . . . . 1 . . 2 3 Utility 26 | 1 4 1 . . 5 5 . . 4 . . 4 . . 1 1 Device 12 | . 2 1 . . 3 2 . . 3 . . 1 . . . . Storage 2 | 1 1 . . . . . . . . . . . . . . . Processor 4 | . 1 . . . . 2 . . . . . 1 . . . . Hackware 7 | . . . . . 1 1 . . 1 . . 2 . . 1 1 Protection 1 | . . . . . 1 . . . . . . . . . . . Artifact . | . . . . . . . . . . . . . . . . . Weapon 32 | 3 4 4 1 5 7 3 . 1 2 . . . . . 2 . Energy Gun 7 | 1 . 1 1 1 2 . . . . . . . . . 1 . Energy Cannon 1 | . . . . . . . . . . . . . . . 1 . Ballistic Gun 15 | 2 4 2 . 4 3 . . . . . . . . . . . Ballistic Cannon 1 | . . . . . 1 . . . . . . . . . . . Launcher 3 | . . . . . 1 2 . . . . . . . . . . Special Weapon 1 | . . 1 . . . . . . . . . . . . . . Impact Weapon 2 | . . . . . . 1 . 1 . . . . . . . . Slashing Weapon 2 | . . . . . . . . . 2 . . . . . . . Piercing Weapon . | . . . . . . . . . . . . . . . . . Special Melee Weapon . | . . . . . . . . . . . . . . . . . Unidentified Prototypes 11 | . . . 1 . 3 2 1 1 2 . . . . . . 1 Parts Lost 43 | . 5 . . 1 14 3 . . . . . 1 1 . 4 14 Power 8 | . 1 . . 1 2 . . . . . . . 1 . 1 2 Propulsion 15 | . 2 . . . 6 . . . . . . . . . 3 4 Utility 11 | . 1 . . . 2 1 . . . . . 1 . . . 6 Weapon 9 | . 1 . . . 4 2 . . . . . . . . . 2 Highest Loss Streak 6 | . 3 . . 1 4 2 . . . . . 1 1 . 2 6 To Critical Strikes . | . . . . . . . . . . . . . . . . . Average Slot Usage (%) 87 | . 87 97 90 93 92 86 93 94 89 93 93 83 87 82 83 36 Engine 7 | . 9 14 14 8 2 6 13 13 6 6 6 4 4 . . 1 Core 3 | . 2 . . 5 6 . . . 5 6 6 4 5 11 10 1 Treads 4 | . 17 . . . 10 . . . . . . . . . . . Leg 13 | . . 23 28 28 22 . . . . . . . . . . . Wheel 1 | . 7 3 . . . . . . . . . . . . . . Flight 7 | . . . . . . 29 33 33 33 33 33 23 23 23 19 8 Device 13 | . 7 1 14 14 21 18 20 20 18 20 20 14 17 17 13 2 Storage 9 | . 14 14 14 14 9 . . . . . . . . . . . Processor 3 | . 2 12 . . . 6 13 13 6 6 6 6 5 5 3 . Hackware 5 | . . . . . 3 10 6 6 12 13 13 18 23 23 26 17 Energy Gun 3 | . . 5 9 6 3 . . . . . . . . . 3 1 Ballistic Gun 11 | . 24 17 9 15 8 . . . . . . . . . . . Naked Turns 30 | . . . . . . . . . . . . . . . . 30 Heaviest Build 44 | 13 28 26 32 34 36 23 22 22 30 30 30 34 32 26 44 27 Greatest Support 89 | 40 40 20 20 30 89 32 37 37 37 37 37 38 38 38 40 38 Greatest Overweight (x) 7 | 4 7 2 1 1 1 . . . . . . 1 . . 1 1 Average Overweight (x) . | . . 1 1 . . . . . . . . . . . . . Largest Inventory Capacity 15 | 8 15 15 15 15 15 15 5 5 5 5 5 5 5 5 5 5 Average Capacity 11 | 7 11 15 15 15 15 5 5 5 5 5 5 5 5 5 5 5 Most Carried 15 | 1 3 5 11 15 15 15 4 5 5 5 5 5 5 5 5 3 Average Carried 6 | . 2 3 7 12 9 4 3 4 4 5 5 4 4 5 3 2 Final Capacity 15 | 8 15 15 15 15 15 5 5 5 5 5 5 5 5 5 5 5 Final Carried 15 | 1 3 5 9 14 15 5 4 5 5 5 5 5 5 5 3 3 Class Distribution -------------------- 40% | Scavenger-Mutant 34% | Mutant 16% | Hacker-Sprinter 6% | Hacker-Mutant Dominant Class ---------------- Mutant | -10/Materials Scavenger-Mutant | -10/Mines Mutant | -10/Exiles Scavenger-Mutant | -9/Mines Scavenger-Mutant | -8/Materials Hacker-Sprinter | -7/Factory Sprinter | -6/Factory Sprinter | -6/Waste Hacker-Sprinter | -6/Factory Hacker-Sprinter | -6/Lower Caves Hacker-Sprinter | -6/Lower Caves Hacker-Sprinter | -5/Factory Hacker-Sprinter | -5/Upper Caves Hacker-Sprinter | -5/Upper Caves Hacker-Mutant | -4/Factory Hacker-Mutant | -3/Research Resources | -11 -10 -10 -10 -9 -8 -7 -6 -6 -6 -6 -6 -5 -5 -5 -4 -3 ----------- Run | Yrd Mat Min Exi Min Mat Fac Fac Was Fac Low Low Fac Upp Upp Fac Res Matter Collected 1959 | 265 254 125 . 180 428 257 100 . 125 44 . 131 20 . 30 . Remotely . | . . . . . . . . . . . . . . . . . Salvage Created 2590 | . 434 283 . 243 690 72 . . 125 44 . 345 302 . 52 . Parts 163 | . 34 27 . 20 32 12 . . 6 6 . 8 11 . 7 . Haulers Intercepted 6 | . 1 . . . 2 . . . 1 . . 2 . . . . Recyclers Shooed 2 | . 2 . . . . . . . . . . . . . . . Parts Field Recycled . | . . . . . . . . . . . . . . . . . Retrieved Matter . | . . . . . . . . . . . . . . . . . Parts Self-Destructed 15 | . . . . . . . . . . 6 . . 9 . . . Prevented . | . . . . . . . . . . . . . . . . . Kills | -11 -10 -10 -10 -9 -8 -7 -6 -6 -6 -6 -6 -5 -5 -5 -4 -3 ------- Run | Yrd Mat Min Exi Min Mat Fac Fac Was Fac Low Low Fac Upp Upp Fac Res Combat Hostiles Destroyed 48 | . 9 8 . 8 11 6 . . . 1 . . 4 . 1 . Melee 5 | . . . . . . . . . . 1 . . 4 . . . Guns 33 | . 9 6 . 8 10 . . . . . . . . . . . Cannons 3 | . . 2 . . . . . . . . . . . . 1 . AOE 6 | . . . . . . 6 . . . . . . . . . . Classes Destroyed 14 | . 5 . . 1 2 3 . . 1 . . . 2 . . . Worker 3 | . . . . . . 2 . . . . . . . . 1 . Builder 8 | . 3 2 . 1 . 2 . . . . . . . . . . Tunneler 2 | . . . . . . . . . 2 . . . . . . . Hauler 6 | . 1 . . . 2 . . . 1 . . 2 . . . . Recycler 2 | . . . . 1 . . . . . . . 1 . . . . Minesweeper 1 | . . . . . . . . . . . . . 1 . . . Operator 4 | . . . . . . 1 . . 1 . . 2 . . . . Watcher 3 | . 1 . . . 1 1 . . . . . . . . . . Swarmer 17 | . 3 3 . 7 . 4 . . . . . . . . . . Grunt 20 | . 6 5 . 1 6 . . . . . . . 2 . . . Sentry 5 | . . . . . 4 1 . . . . . . . . . . Programmer 5 | . . . . . . 1 . . . 1 . . 2 . 1 . Heavy 1 | . . . . . 1 . . . . . . . . . . . Samaritan 1 | . . . . . . . . . . . . . 1 . . . Best Kill Streak 9 | . 4 2 . 4 3 9 . . 2 1 . 3 3 . 1 . Combat Bots Only 4 | . 3 2 . 4 2 4 . . . 1 . . 2 . 1 . Max Kills in Single Turn 5 | . 2 1 . 1 1 5 . . 1 1 . 1 1 . 1 . Gunslinging . | . . . . . . . . . . . . . . . . . Exploded 2 | . . . . . . 2 . . . . . . . . . . Melee 1 | . . . . . . . . . . 1 . . 1 . . . Uniques/NPCs Destroyed . | . . . . . . . . . . . . . . . . . Combat | -11 -10 -10 -10 -9 -8 -7 -6 -6 -6 -6 -6 -5 -5 -5 -4 -3 -------- Run | Yrd Mat Min Exi Min Mat Fac Fac Was Fac Low Low Fac Upp Upp Fac Res Hostile Shots Fired 538 | . 50 39 . 44 99 69 . 1 11 . 1 4 27 2 12 179 Missed 228 | . 13 14 . 12 28 39 . 1 10 . . . 10 1 6 94 Damage Taken 5753 | . 523 280 . 255 1238 405 . . 35 . 15 91 330 . 515 2066 Core 2026 | . 63 95 . 32 110 133 . . . . . . 77 . 198 1318 Absorbed by Shields 27 | . . . . . . . . . . . . . . . . 27 Regen/Repaired (Parts) 290 | . . . . . 78 . . . 212 . . . . . . . Core Remaining (%) 79 | 100 . . . 24 80 81 . . . . 100 . . 92 82 . Volleys Fired 236 | . 66 48 . 19 77 15 . . . . . . . . 8 3 Largest 2 | . 2 2 . 2 2 2 . . . . . . . . 2 2 Hottest 207 | . 40 60 . 40 94 100 . . . . . . . . 207 207 Shots Fired 437 | . 112 78 . 54 156 18 . . . . . . . . 13 6 Gun 388 | . 112 65 . 54 149 . . . . . . . . . 5 3 Cannon 18 | . . . . . 7 . . . . . . . . . 8 3 Launcher 18 | . . . . . . 18 . . . . . . . . . . Special 13 | . . 13 . . . . . . . . . . . . . . Kinetic 321 | . 112 50 . 38 121 . . . . . . . . . . . Thermal 98 | . . 28 . 16 35 . . . . . . . . . 13 6 Explosive 18 | . . . . . . 18 . . . . . . . . . . Electromagnetic . | . . . . . . . . . . . . . . . . . Robot Hit Streak 18 | . 8 8 . 9 18 6 . . . . . . . . 4 . Robot Miss Streak 5 | . 4 4 . 5 3 2 . . . . . . . . 3 3 Penetration Max . | . . . . . . . . . . . . . . . . . Secondary Targets 1 | . 1 . . . . . . . . . . . . . . . Max Gunslinging Chain 1 | . 1 . . . . . . . . . . . . . . . Autonomous 47 | . . . . 16 31 . . . . . . . . . . . Shots Hit Robots 293 | . 69 38 . 29 111 11 . . 6 1 . 9 13 . 6 . Core Hits 144 | 1 34 18 . 15 35 31 . . 2 1 . 1 4 . 2 . Critical Kills 2 | . . . . . 2 . . . . . . . . . . . Critical Parts Destroyed 2 | . . . . . 2 . . . . . . . . . . . Critical Strikes 7 | . . . . . 4 . . . 2 . . 1 . . . . Destroy 4 | . . . . . 4 . . . . . . . . . . . Sever 3 | . . . . . . . . . 2 . . 1 . . . . Melee Attacks 44 | . . . . . . 5 . . 7 1 . 13 17 1 . . Impact 5 | . . . . . . 5 . . . . . . . . . . Slashing 39 | . . . . . . . . . 7 1 . 13 17 1 . . Piercing . | . . . . . . . . . . . . . . . . . Sneak Attacks 10 | . . . . . . . . . 3 . . 4 3 . . . Combat Hostiles . | . . . . . . . . . . . . . . . . . Follow-up Attacks . | . . . . . . . . . . . . . . . . . Damage Inflicted 7647 | 1 648 383 . 466 1777 1122 . . 698 71 . 1071 1140 . 250 20 Guns 3087 | . 598 287 . 453 1668 . . . . . . . . . 81 . Cannons 278 | . . . . . 109 . . . . . . . . . 169 . Explosions 1122 | . . . . . . 1122 . . . . . . . . . . Melee 2980 | . . . . . . . . . 698 71 . 1071 1140 . . . Ramming 103 | 1 50 19 . 13 . . . . . . . . . . . 20 Kinetic 1975 | . 598 201 . 184 992 . . . . . . . . . . . Thermal 1467 | . . 163 . 269 785 . . . . . . . . . 250 . Explosive 1122 | . . . . . . 1122 . . . . . . . . . . Electromagnetic . | . . . . . . . . . . . . . . . . . Impact . | . . . . . . . . . . . . . . . . . Slashing 2980 | . . . . . . . . . 698 71 . 1071 1140 . . . Piercing . | . . . . . . . . . . . . . . . . . Highest Corruption 7 | . . 2 2 2 . . . 6 7 7 7 . 2 2 1 2 Average Corruption 2 | . . 2 2 2 . . . 6 6 7 7 . 1 2 1 2 Corruption Purged . | . . . . . . . . . . . . . . . . . Corruption Blocked . | . . . . . . . . . . . . . . . . . Effects 49 | . . 9 8 14 . . . . 6 2 . . 6 . 2 2 Message Errors 12 | . . 3 4 1 . . . . 2 1 . . 1 . . . Matter Fused 11 | . . 3 1 6 . . . . 1 . . . . . . . Heat Flow Errors 7 | . . 1 1 2 . . . . 1 1 . . . . 1 . Energy Discharges 7 | . . 1 . 3 . . . . . . . . 1 . 1 1 Parts Fused 1 | . . . . . . . . . . . . . . . . 1 Data Loss (minor) 6 | . . . . 1 . . . . 2 . . . 3 . . . Data Loss (major) 5 | . . 1 2 1 . . . . . . . . 1 . . . Overload Shots . | . . . . . . . . . . . . . . . . . Overflow Damage 1027 | . . . . . . 15 . . 246 . . 478 288 . . . Projectiles . | . . . . . . . . . . . . . . . . . Explosions 15 | . . . . . . 15 . . . . . . . . . . Melee 1012 | . . . . . . . . . 246 . . 478 288 . . . Knockbacks 2 | . 2 . . . . . . . . . . . . . . . Impact 2 | . 2 . . . . . . . . . . . . . . . Kinetic . | . . . . . . . . . . . . . . . . . Secondary . | . . . . . . . . . . . . . . . . . Self-Inflicted Damage 93 | . 16 12 . . . 56 . . . . . . . . . 9 Shots 2 | . . . . . . 2 . . . . . . . . . . Rammed 14 | 1 5 4 . . . . . . . . . . . . . 4 Targets Rammed 16 | 1 5 4 . 2 . . . . . . . . . . . 4 Kicked 2 | . . . . 2 . . . . . . . . . . . . Crushed . | . . . . . . . . . . . . . . . . . Highest Temperature 658 | . 34 217 277 219 63 104 16 14 222 119 20 . 7 . 658 232 Average Temperature 58 | . 11 39 143 46 14 35 4 6 37 50 12 . 7 . 217 101 Received Heat Transfer 1281 | . 213 126 . 12 567 90 . . . . . 18 63 . 24 168 Effects 13 | . . . . . . . . . . . . . . . 13 . Shutdowns 3 | . . . . . . . . . . . . . . . 3 . Energy Bleed 1 | . . . . . . . . . . . . . . . 1 . Interference 5 | . . . . . . . . . . . . . . . 5 . Matter Decay 1 | . . . . . . . . . . . . . . . 1 . Short Circuit 2 | . . . . . . . . . . . . . . . 2 . Damage (core) 1 | . . . . . . . . . . . . . . . 1 . Siege Activations . | . . . . . . . . . . . . . . . . . Robots Corrupted . | . . . . . . . . . . . . . . . . . Combat Hostiles . | . . . . . . . . . . . . . . . . . Parts Fried . | . . . . . . . . . . . . . . . . . Impact Corruptions . | . . . . . . . . . . . . . . . . . Robots Melted 1 | . . . . . 1 . . . . . . . . . . . Combat Hostiles 1 | . . . . . 1 . . . . . . . . . . . Parts Melted 11 | . . 2 . . 8 . . . . . . . 1 . . . Heat Transferred 2050 | . . 459 . 333 999 . . . . . . . . . 259 . Parts Sabotaged . | . . . . . . . . . . . . . . . . . Parts Stolen 1 | . . . . . . . . . . . . . . 1 . . Parts Stripped . | . . . . . . . . . . . . . . . . . Power Chain Reactions . | . . . . . . . . . . . . . . . . . Alert | -11 -10 -10 -10 -9 -8 -7 -6 -6 -6 -6 -6 -5 -5 -5 -4 -3 ------- Run | Yrd Mat Min Exi Min Mat Fac Fac Was Fac Low Low Fac Upp Upp Fac Res Peak Influence 714 | . 110 120 . 126 124 714 349 167 145 . . 173 . . 116 531 Initial 349 | . . . . . 35 35 349 122 102 . . 60 . . 97 50 Average 94 | . 53 60 . 30 52 324 349 141 108 . . 95 . . 104 234 Maximum Alert Level 3 | . . . . . . 3 1 . . . . . . . . 2 Low Security (%) 89 | 100 100 100 . 100 100 30 . 100 100 . . 100 . . 100 47 Level 1 4 | . . . . . . 30 100 . . . . . . . . 23 Level 2 5 | . . . . . . 39 . . . . . . . . . 29 Level 3 . | . . . . . . . . . . . . . . . . . Level 4 . | . . . . . . . . . . . . . . . . . Level 5 . | . . . . . . . . . . . . . . . . . High Security . | . . . . . . . . . . . . . . . . . Max Security . | . . . . . . . . . . . . . . . . . Squads Dispatched 26 | . . . . 1 6 8 . . 2 . . 2 . . 1 6 Investigation 11 | . . . . . 3 5 . . 1 . . . . . . 2 Extermination 2 | . . . . . . 1 . . . . . . . . . 1 Reinforcement 12 | . . . . 1 3 2 . . 1 . . 1 . . 1 3 Assault . | . . . . . . . . . . . . . . . . . Garrison 1 | . . . . . . . . . . . . 1 . . . . Intercept . | . . . . . . . . . . . . . . . . . Searches Triggered . | . . . . . . . . . . . . . . . . . Construction Impeded 2 | . . . . 1 . 1 . . . . . . . . . . Haulers Reinforced 2 | . . . . . . 1 . . . . . . . . 1 . Active Scanning Responses . | . . . . . . . . . . . . . . . . . Cargo Convoy Interrupts . | . . . . . . . . . . . . . . . . . Stealth | -11 -10 -10 -10 -9 -8 -7 -6 -6 -6 -6 -6 -5 -5 -5 -4 -3 --------- Run | Yrd Mat Min Exi Min Mat Fac Fac Was Fac Low Low Fac Upp Upp Fac Res Distress Signals 5 | . 1 . . . 3 . . . . . . . . . . 1 Communications Jammed . | . . . . . . . . . . . . . . . . . Distress Signals . | . . . . . . . . . . . . . . . . . Times Spotted 188 | . 18 9 . 10 24 32 . 6 12 6 7 4 6 4 4 46 Peak Tracking Total 15 | . 4 3 . 4 6 11 . 6 8 5 7 3 2 4 3 15 Tactical Retreats 22 | . . 1 . 1 . 7 . . 2 . . 1 . . . 10 Traps | -11 -10 -10 -10 -9 -8 -7 -6 -6 -6 -6 -6 -5 -5 -5 -4 -3 ------- Run | Yrd Mat Min Exi Min Mat Fac Fac Was Fac Low Low Fac Upp Upp Fac Res Traps Triggered 17 | . 4 . . . 2 3 1 . 1 . . 2 . . . 4 Indirectly . | . . . . . . . . . . . . . . . . . Trap Hack Attempts . | . . . . . . . . . . . . . . . . . Triggered . | . . . . . . . . . . . . . . . . . Disarmed . | . . . . . . . . . . . . . . . . . Reprogrammed . | . . . . . . . . . . . . . . . . . Reused . | . . . . . . . . . . . . . . . . . Traps Extracted . | . . . . . . . . . . . . . . . . . Installed . | . . . . . . . . . . . . . . . . . Triggered . | . . . . . . . . . . . . . . . . . Machines | -11 -10 -10 -10 -9 -8 -7 -6 -6 -6 -6 -6 -5 -5 -5 -4 -3 ---------- Run | Yrd Mat Min Exi Min Mat Fac Fac Was Fac Low Low Fac Upp Upp Fac Res Machines Disabled 13 | . . . . . . 12 . . . . . . . . . 1 Max in Single Turn 11 | . . . . . . 11 . . . . . . . . . 1 Garrison Access 1 | . . . . . . 1 . . . . . . . . . . Machines Repaired . | . . . . . . . . . . . . . . . . . Machines Dismantled . | . . . . . . . . . . . . . . . . . Machines Sabotaged . | . . . . . . . . . . . . . . . . . Overloaded Fab Kills . | . . . . . . . . . . . . . . . . . Hacking | -11 -10 -10 -10 -9 -8 -7 -6 -6 -6 -6 -6 -5 -5 -5 -4 -3 --------- Run | Yrd Mat Min Exi Min Mat Fac Fac Was Fac Low Low Fac Upp Upp Fac Res Machines Accessed 27 | . 3 . . . 4 6 . . 4 . . 4 . . 3 3 Terminals 19 | . 3 . . . 3 4 . . 2 . . 3 . . 1 3 Fabricators . | . . . . . . . . . . . . . . . . . Repair Stations 2 | . . . . . 1 . . . 1 . . . . . . . Recycling Units 3 | . . . . . . . . . . . . 1 . . 2 . Scanalyzers . | . . . . . . . . . . . . . . . . . Garrison Access 3 | . . . . . . 2 . . 1 . . . . . . . Total Hacks 81 | . 8 . . . 18 12 . . 16 . . 5 . . 8 14 Successful 35 | . 3 . . . 5 3 . . 8 . . 3 . . 6 7 Failed 46 | . 5 . . . 13 9 . . 8 . . 2 . . 2 7 Catastrophic 8 | . 2 . . . . 2 . . 1 . . . . . 1 2 Database Lockouts . | . . . . . . . . . . . . . . . . . Manual 35 | . . . 1 . 14 6 . . 4 . . 1 . . 2 7 Terminals 57 | . 8 . . . 15 8 . . 5 . . 4 . . 3 14 Fabricators . | . . . . . . . . . . . . . . . . . Repair Stations 12 | . . . . . 3 . . . 9 . . . . . . . Recycling Units 6 | . . . . . . . . . . . . 1 . . 5 . Scanalyzers . | . . . . . . . . . . . . . . . . . Garrison Access 6 | . . . . . . 4 . . 2 . . . . . . . Terminal Hacks 19 | . 3 . . . 3 1 . . 2 . . 2 . . 2 6 Record 7 | . . . . . . . . . . . . 1 . . . 6 Robot Analysis 1 | . 1 . . . . . . . . . . . . . . . Prototype ID Bank 1 | . . . . . . . . . . . . . . . 1 . Open DSF 3 | . . . . . . 1 . . 1 . . 1 . . . . Level Access Points 1 | . . . . . . . . . . . . . . . 1 . Alert Level 2 | . 1 . . . 1 . . . . . . . . . . . Unreport Threat 2 | . . . . . 1 . . . 1 . . . . . . . Recall Investigation 1 | . . . . . 1 . . . . . . . . . . . Hauler Manifests 1 | . 1 . . . . . . . . . . . . . . . Fabricator Hacks . | . . . . . . . . . . . . . . . . . Repair Station Hacks 8 | . . . . . 2 . . . 6 . . . . . . . Scan Component 4 | . . . . . 1 . . . 3 . . . . . . . Repair 4 | . . . . . 1 . . . 3 . . . . . . . Recycling Unit Hacks 5 | . . . . . . . . . . . . 1 . . 4 . Report Inventory 3 | . . . . . . . . . . . . 1 . . 2 . Retrieve Components 2 | . . . . . . . . . . . . . . . 2 . Scanalyzer . | . . . . . . . . . . . . . . . . . Garrison Access Hacks 1 | . . . . . . 1 . . . . . . . . . . Seal Access 1 | . . . . . . 1 . . . . . . . . . . Unauthorized Hacks 2 | . . . . . . 1 . . . . . . . . . 1 Terminals 2 | . . . . . . 1 . . . . . . . . . 1 Botnet 2 | . . . . . . 1 . . . . . . . . . 1 Fabricators . | . . . . . . . . . . . . . . . . . Repair Stations . | . . . . . . . . . . . . . . . . . Recycling Units . | . . . . . . . . . . . . . . . . . Scanalyzers . | . . . . . . . . . . . . . . . . . Garrison Access . | . . . . . . . . . . . . . . . . . Data Cores Recovered 1 | . . . . . . . . . . . . 1 . . . . Used . | . . . . . . . . . . . . . . . . . Hacking Detections 17 | . 3 . . . 3 3 . . 3 . . 1 . . 1 3 Full Trace Events 9 | . 1 . . . 2 3 . . 1 . . . . . . 2 Feedback Events . | . . . . . . . . . . . . . . . . . Feedback Blocked . | . . . . . . . . . . . . . . . . . Robot Schematics Acquired . | . . . . . . . . . . . . . . . . . Robots Built . | . . . . . . . . . . . . . . . . . Authchips . | . . . . . . . . . . . . . . . . . Time . | . . . . . . . . . . . . . . . . . Total Robot Build Rating . | . . . . . . . . . . . . . . . . . Part Schematics Acquired . | . . . . . . . . . . . . . . . . . Parts Built . | . . . . . . . . . . . . . . . . . Authchips . | . . . . . . . . . . . . . . . . . Time . | . . . . . . . . . . . . . . . . . Total Part Build Rating . | . . . . . . . . . . . . . . . . . Parts Repaired 4 | . . . . . 1 . . . 3 . . . . . . . Time 201 | . . . . . 38 . . . 163 . . . . . . . Parts Recycled . | . . . . . . . . . . . . . . . . . Recycled Matter . | . . . . . . . . . . . . . . . . . Retrieved Matter . | . . . . . . . . . . . . . . . . . Retrieved Components 6 | . . . . . . . . . . . . . . . 6 . Parts Scanalyzed . | . . . . . . . . . . . . . . . . . Part Schematics Acquired . | . . . . . . . . . . . . . . . . . Parts Damaged . | . . . . . . . . . . . . . . . . . Bothacking | -11 -10 -10 -10 -9 -8 -7 -6 -6 -6 -6 -6 -5 -5 -5 -4 -3 ------------ Run | Yrd Mat Min Exi Min Mat Fac Fac Was Fac Low Low Fac Upp Upp Fac Res Used RIF Installer . | . . . . . . . . . . . . . . . . . Robots Hacked . | . . . . . . . . . . . . . . . . . Non-combat . | . . . . . . . . . . . . . . . . . Combat . | . . . . . . . . . . . . . . . . . Robot Hacks Applied . | . . . . . . . . . . . . . . . . . Relay Couplers Released . | . . . . . . . . . . . . . . . . . Fabnet Peak Effective % . | . . . . . . . . . . . . . . . . . Robots Rewired . | . . . . . . . . . . . . . . . . . Allies Hacked . | . . . . . . . . . . . . . . . . . Hacks Repelled . | . . . . . . . . . . . . . . . . . Allies | -11 -10 -10 -10 -9 -8 -7 -6 -6 -6 -6 -6 -5 -5 -5 -4 -3 -------- Run | Yrd Mat Min Exi Min Mat Fac Fac Was Fac Low Low Fac Upp Upp Fac Res Total Allies 1 | . . . . . . . . 1 . . . . . . . . Largest Group 1 | . . . . . . . . 1 . . . . . . . . Highest-Rated Group 31 | . . . . . . . . 31 . . . . . . . . Highest-Rated Ally 31 | . . . . . . . . 31 . . . . . . . . Total Orders . | . . . . . . . . . . . . . . . . . Ally Attacks 12 | . . . . . . . . 12 . . . . . . . . Total Damage 186 | . . . . . . . . 186 . . . . . . . . Kills . | . . . . . . . . . . . . . . . . . Allies Corrupted . | . . . . . . . . . . . . . . . . . Allies Melted . | . . . . . . . . . . . . . . . . . Intel | -11 -10 -10 -10 -9 -8 -7 -6 -6 -6 -6 -6 -5 -5 -5 -4 -3 ------- Run | Yrd Mat Min Exi Min Mat Fac Fac Was Fac Low Low Fac Upp Upp Fac Res Robot Analysis Total 1 | . 1 . . . . . . . . . . . . . . . Derelict Logs Recovered 4 | . . 1 . 1 . . . . . 1 . . 1 . . . Drone Launches 1 | . . . . . 1 . . . . . . . . . . . Drone Recoveries . | . . . . . . . . . . . . . . . . . Exploration | -11 -10 -10 -10 -9 -8 -7 -6 -6 -6 -6 -6 -5 -5 -5 -4 -3 ------------- Run | Yrd Mat Min Exi Min Mat Fac Fac Was Fac Low Low Fac Upp Upp Fac Res Turns Passed 6920 | 73 1200 697 758 1146 1031 566 28 44 306 77 10 179 245 10 175 375 Spaces Moved 6869 | 36 685 302 397 725 566 1067 86 159 400 269 37 443 656 24 259 758 Core 88 | 11 24 . . . . . . . . . . . . . . 53 Treads 600 | 25 403 . . . 172 . . . . . . . . . . . Legs 1775 | . . 259 397 725 394 . . . . . . . . . . . Wheels 301 | . 258 43 . . . . . . . . . . . . . . Hover . | . . . . . . . . . . . . . . . . . Flight 4105 | . . . . . . 1067 86 159 400 269 37 443 656 24 259 705 Fastest Speed 26 | 50 95 95 190 120 120 28 26 26 26 26 26 26 28 28 28 34 Average Speed 80 | 168 147 177 190 145 134 30 26 26 26 26 26 27 28 28 42 43 Slowest Speed 400 | 250 400 260 190 190 200 34 26 26 26 26 26 105 28 28 109 109 Overloaded Moves . | . . . . . . . . . . . . . . . . . Propulsion Burnouts . | . . . . . . . . . . . . . . . . . Robots Hopped 12 | . . . . . . 5 . . . . . . . . . 7 Cave-ins Triggered . | . . . . . . . . . . . . . . . . . Exploration Rate (%) 42 | 5 95 62 79 99 51 37 2 75 15 60 10 15 80 9 7 22 Regions Visited 16 Branch Regions 7 Pre-discovered Areas 1 | . . . . 1 . . . . . . . . . . . . Known Exits Taken 1 | . . . . . . . . . . . . . . . 1 . Unknown Exits Taken 13 | 1 1 1 1 1 1 1 . . 1 1 1 1 1 1 . . Scrap Searched 4 | . . 1 . 1 . . . . . . . . 2 . . . Spaces Dug 9 | . . . . . . 5 . . . . . 2 . . . 2 Terrain Destroyed 128 | . . . . 7 5 107 . . . . . 2 . . 4 3 Melee 7 | . . . . . . 5 . . . . . 2 . . . . Projectile 19 | . . . . 7 5 . . . . . . . . . 4 3 AOE 102 | . . . . . . 102 . . . . . . . . . . Terrain Rammed 1 | . . 1 . . . . . . . . . . . . . . Walls Destroyed . | . . . . . . . . . . . . . . . . . Machines Disabled . | . . . . . . . . . . . . . . . . . Actions | -11 -10 -10 -10 -9 -8 -7 -6 -6 -6 -6 -6 -5 -5 -5 -4 -3 --------- Run | Yrd Mat Min Exi Min Mat Fac Fac Was Fac Low Low Fac Upp Upp Fac Res Total 7818 | 46 777 382 402 787 725 1277 91 161 587 273 36 472 682 24 310 786 Wait 430 | . . 12 . 24 30 145 . . 164 4 . 2 8 . 34 7 Move 6831 | 35 684 301 396 724 565 1057 86 158 399 268 36 442 655 23 258 744 Hop 11 | . . . . . . 4 . . . . . . . . . 7 Pick Up 51 | 2 3 3 3 4 19 8 1 1 3 . . 2 1 . 1 . Fast Attach 54 | 6 10 5 . 1 5 8 1 . 5 . . 6 . . 2 5 Attach 50 | 1 1 2 1 6 19 9 2 1 2 . . 1 1 . 3 1 Detach 12 | . . 1 2 4 2 . . . 1 . . 1 . . . 1 Swap 14 | . 4 . . 2 2 4 . . 1 . . . . . 1 . Drop 54 | 1 4 5 . 1 6 22 1 1 5 . . 5 . . 3 . Fire 236 | . 66 48 . 19 77 15 . . . . . . . . 8 3 Melee 44 | . . . . . . 5 . . 7 1 . 13 17 1 . . Ram 12 | . 3 5 . . . . . . . . . . . . . 4 Kick 2 | . . . . 2 . . . . . . . . . . . . Crush 3 | 1 2 . . . . . . . . . . . . . . . Escape Stasis 14 | . . . . . . . . . . . . . . . . 14 Rewire . | . . . . . . . . . . . . . . . . . Trap . | . . . . . . . . . . . . . . . . . Miscellaneous . | . . . . . . . . . . . . . . . . . Route ------- -11/Scrapyard -10/Materials (discovered 5 exits: [*Mat x3] / [*Min x2]) -10/Mines -10/Exiles (discovered 2 exits: [*Min x2]) -9/Mines (discovered 2 exits: *Mat x2) -8/Materials (discovered 2 exits: *Fac x2) -7/Factory -6/Factory -6/Waste -6/Factory -6/Lower Caves -6/Lower Caves -5/Factory -5/Upper Caves -5/Upper Caves -4/Factory (discovered 4 exits: *Res x4) -3/Research History --------- Turn | Location | Event 12 | -11/Scrapyard | Discovered new exit (range 16) 74 | -11/Scrapyard | Entered Materials 222 | -10/Materials | Discovered new exit (range 15) 305 | -10/Materials | Build established: Mutant 323 | -10/Materials | Discovered new exit (range 16) 681 | -10/Materials | Discovered new exit (range 9) 864 | -10/Materials | Discovered new exit (range 11) 895 | -10/Materials | Lost 3 parts (1p1n1u) 1099 | -10/Materials | Discovered new exit (range 16) 1274 | -10/Materials | Entered Mines 1296 | -10/Mines | Excavation squad dispatched 1296 | -10/Mines | A large section of the Mines collapsed 1475 | -10/Mines | Core integrity fell below 50% 1485 | -10/Mines | Learned Materials terminal intel 1546 | -10/Mines | Excavation squad dispatched 1664 | -10/Mines | Build established: Scavenger-Mutant 1796 | -10/Mines | Excavation squad dispatched 1920 | -10/Mines | Discovered new exit (range 14) 1963 | -10/Mines | Deemed a non-threat by the Exiles lab entrance 1971 | -10/Mines | Entered Exiles 2017 | -10/Exiles | Met 8R-AWN 2049 | -10/Exiles | Met EX-HEX 2106 | -10/Exiles | Met EX-BIN 2129 | -10/Exiles | Aligned with FarCom system 2131 | -10/Exiles | Given EX-Vault access code 2175 | -10/Exiles | Opened EX-Vault 2184 | -10/Exiles | Found Prototype Device 2187 | -10/Exiles | Found Prototype Energy Gun 2194 | -10/Exiles | Found Prototype Device 2223 | -10/Exiles | Identified AWS/Thermal 2239 | -10/Exiles | Warned to stay clear of 0b10 Research branches 2288 | -10/Exiles | Met EX-DEC 2394 | -10/Exiles | Discovered new exit (range 10) 2529 | -10/Exiles | Build established: Mutant 2534 | -10/Exiles | Visited The Gauntlet 2708 | -10/Exiles | Discovered new exit (range 14) 2729 | -10/Exiles | Stole three prototypes: Skeleton Box, Supersonic Drone Bay, AWS/Thermal 2729 | -10/Exiles | Entered Mines 2780 | -9/Mines | YI-UF0 nonchalantly dropped a Grenade Launcher on the ground 2871 | -9/Mines | Learned location of Zion (-7) 3217 | -9/Mines | Found Prototype Launcher 3381 | -9/Mines | Discovered new exit (range 9) 3449 | -9/Mines | Discovered new exit (range 16) 3753 | -9/Mines | Build established: Scavenger-Mutant 3875 | -9/Mines | Entered Materials 3875 | -8/Materials | Evolved 4 slots: Propulsion x2, Utility x2 3876 | -8/Materials | Loaded intel: 12 terminal locations 3877 | -8/Materials | Identified Supersonic Drone Bay 3878 | -8/Materials | Identified Skeleton Box 3992 | -8/Materials | Lost 3 parts (1p1n1w) 4250 | -8/Materials | Repaired Carbon-fiber Leg 4281 | -8/Materials | Lost 4 parts (1p2n1w) 4301 | -8/Materials | Discovered new exit (range 5) 4473 | -8/Materials | Lost 3 parts (1u2w) 4535 | -8/Materials | Discovered new exit (range 3) 4906 | -8/Materials | Entered Factory 4906 | -7/Factory | Evolved 2 slots: Utility x2 4908 | -7/Factory | FarCom data flow suspended 4916 | -7/Factory | Identified YI-UF0's Doublenader 5380 | -7/Factory | Discovered new exit (range 16) 5472 | -7/Factory | Entered another Factory area 5472 | -6/Factory | Evolved 2 slots: Power x1, Propulsion x1 5500 | -6/Factory | Sucked down chute 5500 | -6/Factory | Entered Waste 5501 | -6/Waste | Met a frightened Derelict 5510 | -6/Waste | Found Prototype Slashing Weapon 5512 | -6/Waste | Spotted C-40 Crusher 5513 | -6/Waste | Spotted C-40 Crusher 5514 | -6/Waste | Spotted C-40 Crusher 5515 | -6/Waste | EMP discharged 5521 | -6/Waste | Spotted C-40 Crusher 5537 | -6/Waste | Spotted C-40 Crusher 5538 | -6/Waste | Spotted C-40 Crusher 5539 | -6/Waste | Discovered new exit (range 14) 5544 | -6/Waste | Entered Factory 5545 | -6/Factory | Identified Centrium Greatsword 5696 | -6/Factory | Repaired Centrium Greatsword 5736 | -6/Factory | Repaired Adv. Weight Redist. System 5763 | -6/Factory | Repaired Structural Scanner 5829 | -6/Factory | Discovered new exit (range 11) 5850 | -6/Factory | Entered Lower Caves 5891 | -6/Lower Caves | Learned Factory stockpile data 5893 | -6/Lower Caves | Spotted B-75 Beast 5925 | -6/Lower Caves | Discovered new exit (range 9) 5927 | -6/Lower Caves | Entered another Lower Caves area 5932 | -6/Lower Caves | Attracted the attention of an 0b10 base 5935 | -6/Lower Caves | Discovered new exit (range 8) 5937 | -6/Lower Caves | Entered Factory 5937 | -5/Factory | Evolved 2 slots: Utility x2 5974 | -5/Factory | Identified exit to DSF 6007 | -5/Factory | Discovered new exit (range 8) 6042 | -5/Factory | Build established: Hacker-Sprinter 6083 | -5/Factory | Garrison activated, responded to threat 6116 | -5/Factory | Entered Upper Caves 6353 | -5/Upper Caves | Attracted the attention of an 0b10 checkpoint 6359 | -5/Upper Caves | Learned Factory garrison access intel 6359 | -5/Upper Caves | Discovered new exit (range 7) 6361 | -5/Upper Caves | Entered another Upper Caves area 6361 | -5/Upper Caves | Spotted 0Q-FZM(f) 6362 | -5/Upper Caves | Encountered a Master Thief 6362 | -5/Upper Caves | Centrium Greatsword stolen by Master Thief 6364 | -5/Upper Caves | Spotted WF-9T8(f) 6365 | -5/Upper Caves | Encountered a Master Thief 6369 | -5/Upper Caves | Discovered new exit (range 7) 6371 | -5/Upper Caves | Entered Factory 6371 | -4/Factory | Evolved 2 slots: Utility x2 6372 | -4/Factory | Loaded intel: 3 garrison access locations 6515 | -4/Factory | Identified exit to Research 6544 | -4/Factory | Spotted B-86 Titan 6546 | -4/Factory | Entered Research 6546 | -3/Research | Evolved 2 slots: Utility x2 6613 | -3/Research | Spotted B-86 Titan 6682 | -3/Research | Lost 6 parts (1p1n2u2w) 6752 | -3/Research | Build established: Hacker-Mutant 6885 | -3/Research | Core integrity fell below 50% 6904 | -3/Research | Core integrity fell below 20% 6921 | -3/Research | Destroyed by C-35 Carver with Carbide Saw Last Messages --------------- 06834_ Hacking Suite destroyed. 06836_ Scanalyzer disabled. 06851_ ALERT: Suspicious intruders detected, dispatching Cutter reinforcements to area. 06876_ Mic. Antimatter Reactor severed. 06879_ ALERT: Suspicious intruders detected, dispatching Cutter reinforcements to area. 06884_ Hacking Suite severed. 06885_ K-01 Serf suffers critical hit (Blast). 06885_ K-01 Serf destroyed. 06885_ Hacking Suite destroyed. 06886_ System Shield severed. 06891_ Impulse Thruster Array destroyed. 06896_ Slammed into C-35 Carver. 06896_ Destabilizing: Core damaged (-39). 06897_ Slammed into C-35 Carver. 06920_ Triggered Blade Trap. 06920_ Massive razor-sharp blades shoot up from within the floor. 06921_ Critical hit (Burn: +50). Map ----- +----------------------------------------------------+ | | | | | | | | | | | | | | | | | | | | | | | ?????????????????????????????????????????????????? | | ?????????????????????????????????????????????????? | | ?????????????????????????????????????????????????? | | ?????????????????????????????????????????????????? | | ??????????????????????????????????????######????#? | | ??????????????????????????????????????# ?? #? | | ???????????????????????################ #? | | ???????????????????????# # """ #? | | ???????????????????????# # """ #? | | ???????????????????????# ! ?# """ #? | | ???????????????????????# ???# ??? | | ???????????????????????? ?????# ????? | | ??????????????????#??????? ???????# ??????? | | ??????????????????# #####+###########+######### | | ??????????????????+ @cc cc | | ??????????????????# c | | ??????????????????# wg | | ??????????????????# g | | ??????????????????########g############# ####+# | | ???????????????????????? ???????????# # | | ?????????????????????? ???????????# # | | ????????????????????? "" ]]!??????????# # """ | | ????????????????????#""" ]!!??????????# # """ | | ??????????????????????T ]!!??????????# # """ | | ??????????????????????"" #?????????# # | | ??????????????????????"" !#?????????# # | | ??????????????????????? #?????????# # | | ??????????????????????? #?????????# #####+ | | ???????????????????????#######?????????# | | ???????????????????????????????????????# | | ???????????????????????????????????????# | | ???????????????????????????????????????# | | ???????????????????????????????????????######## | | ??????????????????????????????????????????????# | | ??????????????????????????????????????????????# | | ??????????????????????????????????????????????# | | ??????????????????????????????????????????????# | | ??????????????????????????????????????????????# | | ??????????????????????????????????????????????# | +----------------------------------------------------+ Best States ------------- Heat Dissipation 46 Energy Generation 32 Energy Capacity 525 Matter Stores 300 Matter Capacity 300 Sight Range 16 Terrain Scan Range 14 Terrain Scan Density 10 Cloak Strength 2 Additional Mass Support 9 Armor Coverage 150 Evasion (%) 64 Melee Accuracy 6 Core Analysis 6 Recoil Reduction 4 Matter Filtering 30 Offensive Hacking 30 Defensive Hacking 20 Item Schematics ----------------- None Robot Schematics ------------------ None Fabricated ------------ Nothing Alien Tech Used ----------------- None Achievements -------------- It Was An Accident, I Swear True Hacker Challenges ------------ None Game ------ Seed BeamColdInsulator Manual? 0 Play Time 01:38:30 Cumulative 16.3 hours Start 2024.04.03 @ 01:13:22 End 2024.04.03 @ 02:46:55 Sessions 1 Manual Loads 0 Difficulty Rogue Special Mode None Game No. 20 Rogue 19 Adventurer 1 Explorer 0 Win Type - Total 0 Types 0/0/0/0/0/0/0/0/0 Lore% 19 Gallery% 24 Achievement% 20 Wizard Run 0 Options --------- Layout 1 ASCII 0 Keyboard 0 Movement Mouse Keybinds 0 Fullscreen 1 Font 24/Smallcaps Map View 50x35 Zoom Use 0% Tactical HUD 1 Map Filters NONE Filters NONE Steam 1 RUN: 1a995921-f5a1-4637-8df6-0666b24b9414